 Dungeon Crawl Stone Soup version 0.26-a0-291-g3d11bbfad5 (webtiles) character file.

Game seed: 11930342139210824869

67 BritishOli the Skirmisher (level 4, 27/35 HPs)
             Began as a Demonspawn Fighter on July 14, 2020.
             Quit the game on level 2 of the Dungeon.
             The game lasted 00:00:58 (1142 turns).

BritishOli the Skirmisher (Demonspawn Fighter)      Turns: 1142, Time: 00:00:58

Health: 27/35      AC:  8    Str: 17    XL:     4   Next: 0%
Magic:  4/4        EV:  7    Int:  9    God:
Gold:   140        SH:  9    Dex: 13    Spells: 3/3 levels left

rFire    . . .     SeeInvis .   a - +0 long sword
rCold    . . .     Faith    .   c - +0 kite shield
rNeg     . . .     Spirit   .   b - +0 scale mail
rPois    .         Reflect  .   (no helmet)
rElec    .         Harm     .   (no cloak)
rCorr    .                      (no gloves)
MR       .....                  (no boots)
Stlth    +.........             (no amulet)
HPRegen  0.11/turn              (no ring)
MPRegen  0.09/turn              (no ring)

@: no status effects
A: molten scales 1, demonic guardian 1, nightstalker 1
a: no special abilities


You were on level 2 of the Dungeon.
You visited 1 branch of the dungeon, and saw 2 of its levels.

You collected 140 gold pieces.

Inventory:

Hand Weapons
 a - a +0 long sword (weapon)
Armour
 b - a +0 scale mail (worn)
 c - a +0 kite shield (worn)
Jewellery
 k - an uncursed ring of magical power {unknown}
Scrolls
 e - 2 scrolls of remove curse {unknown}
 f - a scroll of magic mapping {unknown}
 g - a scroll of immolation {unknown}
 i - 3 scrolls of teleportation {unknown}
 m - a scroll of identify {unknown}
 n - a scroll of fog {unknown}
Potions
 d - a potion of might
 h - a potion of heal wounds {unknown}
 j - a potion of flight {unknown}
 l - a potion of mutation {unknown}


   Skills:
 + Level 3.4 Fighting
 + Level 2.5 Long Blades
 + Level 3.2 Armour
 + Level 3.2 Shields


You had 3 spell levels left.
You didn't know any spells.
Your spell library was empty.

Dungeon Overview and Level Annotations

Branches:
Dungeon (2/15)

Altars:


Innate Abilities, Weirdness & Mutations

You are partially covered in molten scales. (AC +2)
A weak demonic guardian rushes to your aid.
You are slightly more attuned to the shadows.


Message History

The worm is severely wounded.
You block the worm's attack.
The kobold throws a stone.
The stone hits you but does no damage.
There are monsters nearby!
You hit the worm.
The worm is severely wounded.
You block the worm's attack.
The kobold throws a stone.
The stone hits you but does no damage.
There are monsters nearby!
You slash the worm!
You kill the worm!
A kobold is nearby!
You see here a worm corpse.
A kobold is nearby!
You slash the kobold!
You kill the kobold!
You have reached level 4!
You feel agile.
Your demonic ancestry asserts itself...
You slip into the darkness of the dungeon.
Are you sure you want to abandon this character and quit the game? (Confirm with "yes".)

#........##.
###.###..##.
##..##......
##.......#.#.
##......#.#.(.
##.........##..
########..............
##.....(............#(.
#....?@................
#.#.........(..........
........................
...#....................
.. #.##..#...####...#.#.
. ... #.#..#..##....#...
.. ....###.#.....>...
##. ...## ...........
..........


There were no monsters in sight!

Vanquished Creatures
  An adder (D:2)
  An ooze (D:1)
  A worm (D:2)
  2 dart slugs
  A leopard gecko (D:1)
  2 giant cockroaches
  2 hobgoblins
  7 jackals (D:1)
  A quokka (D:2)
  5 bats
  2 goblins (D:1)
  4 kobolds
  4 rats (D:1)
33 creatures vanquished.

Vanquished Creatures (collateral kills)
  A gnoll (D:1)
  2 dart slugs (D:1)
  A goblin (D:1)
4 creatures vanquished.

Grand Total: 37 creatures vanquished

Notes
Turn   | Place    | Note
-------+----------+-------------------------------------------
     0 | D:1      | BritishOli the Demonspawn Fighter began the quest for the
                  | Orb.
     0 | D:1      | Reached XP level 1. HP: 18/18 MP: 1/1
    59 | D:1      | Gained mutation: A weak demonic guardian rushes to your
                  | aid. [demonic ancestry]
    59 | D:1      | Reached XP level 2. HP: 24/24 MP: 2/2
   599 | D:1      | Gained mutation: You are partially covered in molten
                  | scales. (AC +2) [demonic ancestry]
   599 | D:1      | Reached XP level 3. HP: 29/29 MP: 3/3
  1141 | D:2      | Gained mutation: You are slightly more attuned to the
                  | shadows. [demonic ancestry]
  1141 | D:2      | Reached XP level 4. HP: 27/35 MP: 4/4
  1142 | D:2      | Quit the game

Illustrated notes

Levels and vault maps discovered:
D:1:      lightli_iron_boxes, layout_basic, chequers_serial_rivers_small_b,
          minmay_heptomino_w4
D:2:      layout_rooms, tgw_trog, yredelemnul_forgotten_temple_becter,
          overflow_temple_1_default, uniq_robin

Skill      XL: |  1  2 |
---------------+-------+-----
Long Blades    | 2 |  2.5
Shields        | 3 |  3.2
Armour         | 3 |  3.2
Fighting       | |  3.4

Action                   |  1- 3 |  4- 6 || total
-------------------------+-------+-------++-------
Melee: Long sword        |   115 |       ||   115
Armor: Scale mail        |    57 |       ||    57
Dodge: Dodged            |    48 |       ||    48
Block: Kite shield       |    76 |       ||    76
       Rpst.: Long sword |    14 |       ||    14

Table legend:
 A = Non-vault XP
 B = Vault XP
 C = Vault XP percentage of total XP
 D = Non-vault monster count
 E = Vault monster count
 F = Vault count percentage of total count
                 A         B        C        D         E       F
            +---------+---------+-------+---------+---------+-------
      Total |      76 |      21 |  21.6 |      31 |       6 |  16.2
            +---------+---------+-------+---------+---------+-------
        D:1 |      44 |      21 |  32.3 |      22 |       6 |  21.4
        D:2 |      32 |       0 |   0.0 |       9 |       0 |   0.0
            +---------+---------+-------+---------+---------+-------
